 Dungeon Crawl Stone Soup version 0.31-a0-229-g1fc7ce93e2 (webtiles) character file.

Game seed: 15605987823028518320

170 qw the Shooter (level 5, 0/30 HPs)
             Began as a Gargoyle Hexslinger on July 6, 2023.
             Slain by Sigmund
             ... wielding a +0 scythe
              (1 damage)
             ... on level 3 of the Dungeon.
             The game lasted 00:00:54 (1668 turns).

qw the Shooter (Gargoyle Hexslinger)                Turns: 1668, Time: 00:00:54

Health: 0/30       AC: 13    Str: 11    XL:     5   Next: 50%
Magic:  6/6        EV: 10    Int: 14    God:
Gold:   159        SH:  0    Dex: 20    Spells: 5/6 levels left

rFire   . . .        Y - +1 sling
rCold   . . .        (no shield)
rNeg    + . .        l - +0 ring mail
rPois   inf          (no helmet)
rElec   +            (no cloak)
rCorr   .            (no gloves)
SInv    .            (no boots)
Will    .....        (no amulet)
Stlth   +            e - +6 ring of dexterity
HPRegen 0.25/turn    b - +4 ring of protection
MPRegen 0.10/turn

%: no passive effects
@: no status effects
A: sickness immunity, AC +4, negative energy resistance 1, electricity
resistance, torment resistance 1, petrification resistance
a: no special abilities


You were on level 3 of the Dungeon.
You visited 1 branch of the dungeon, and saw 3 of its levels.

You collected 159 gold pieces.


Innate Abilities, Weirdness & Mutations

You are immune to sickness and miasma.
Your stone body is resilient. (AC +4)
You are immune to poison.
You resist negative energy. (rN+)
You are resistant to electric shocks. (rElec)
You are resistant to unholy torment.
You are immune to petrification.


   Skills:
 + Level 2.0 Fighting
 - Level 5.1 Ranged Weapons
 - Level 1.0 Armour
 - Level 1.5 Dodging
 - Level 1.0 Spellcasting
 - Level 2.6 Hexes


You had 5 spell levels left.
You knew the following spells:

 Your Spells              Type           Power      Damage    Failure   Level
a - Slow                  Hex            32%        N/A       21%         1

Your spell library contained the following spells:

 Spells                   Type           Power      Damage    Failure   Level
 Inner Flame              Hex/Fire       4%         N/A       71%         3
 Portal Projectile        Hex/Tloc       8%         N/A       71%         3
 Cause Fear               Hex            4%         N/A       90%         4

Inventory:

Hand Weapons
 Y - a +1 sling (weapon)
Armour
 l - a +0 ring mail (worn)
Jewellery
 b - a +4 ring of protection (right hand)
 e - a +6 ring of dexterity (left hand)
Scrolls
 d - a scroll of butterflies {unknown}
 f - a scroll of teleportation
Potions
 a - a potion of heal wounds {unknown}
 c - a potion of degeneration {unknown}
 g - a potion of ambrosia {unknown}
 i - a potion of might {unknown}
 m - a potion of lignification {unknown}

Dungeon Overview and Level Annotations

Branches:
Dungeon (3/15)

Altars:
Vehumet

Shops:
D:3 :

Annotations:
D:3 Sigmund


Message History

Jessica is moderately wounded.
Sigmund mumbles some strange words.
Sigmund flickers and vanishes!
Deactivating autopickup; reactivate with Ctrl-A.
You shoot a sling bullet.
The sling bullet closely misses Jessica.
You shoot a sling bullet. The sling bullet hits Jessica.
Jessica is severely wounded.
You are confused.
Jessica closely misses you. Jessica hits you but does no damage.
You hear some strange, mumbled words.
Something tries to affect you, but you resist.
Jessica casts a spell.
Jessica blinks!
Something hits you!
You feel less confused.
You shoot a sling bullet.
The sling bullet closely misses Jessica.
Something hits you but does no damage.
You shoot a sling bullet.
The sling bullet closely misses Jessica.
You hear a zap.
A puff of flame appears from out of thin air!
The puff of flame hits you!
You shoot a sling bullet. The sling bullet hits Jessica.
You kill Jessica!
You hear a zap.
A puff of flame appears from out of thin air!
The puff of flame hits you.
Your Ranged Weapons skill increases to level 5!
You shoot a sling bullet. Something hits you but does no damage.
You shoot a sling bullet.
You hear a zap.
A puff of flame appears from out of thin air!
The puff of flame hits you.
You shoot a sling bullet. Something hits you.
You die...

#.# ##.#.#...... #.# ...
............ #.# ... #....#......
#.# #'### #...........
#.#####.#.# #..#._/#..@
..........#####'.......# ....
#.#####.#.........{#...##. ...
#...............)......'.. ...
#####...........@......##. ..
#####............### #
#........#'#+########## #
#........#............### #
######........#.#.#..........####
#<............#.#.#.######.#))...
#...........###.#....#####.#.####
#...............#.......##.#.####
#............####....##.##.......


There were no monsters in sight!

Vanquished Creatures
  Jessica (D:3)
  An orc wizard (D:3)
  4 gnolls (D:3)
  An adder (D:3)
  A worm (D:3)
  A dart slug (D:3)
  3 orcs (D:3)
  5 ball pythons
  5 bats (D:1)
  3 endoplasms
  2 giant cockroaches
  6 goblins
  2 hobgoblins
  12 jackals
  4 kobolds
  A quokka (D:3)
  8 frilled lizards
  A rat (D:1)
61 creatures vanquished.

Notes
Turn   | Place    | Note
-------+----------+-------------------------------------------
     0 | D:1      | qw the Gargoyle Hexslinger began the quest for the Orb.
     0 | D:1      | Reached XP level 1. HP: 12/12 MP: 2/2
     0 | D:1      | 0 ||| qw: Version: 0.3-a-46-gb1f654a
     0 | D:1      | 0 ||| qw: Game counter: 1500
     0 | D:1      | 0 ||| qw: Melee chars always use a shield: true
     0 | D:1      | 0 ||| qw: God list: Okawaru
     0 | D:1      | 0 ||| qw: Allow faded altars: false
     0 | D:1      | 0 ||| qw: Do Orc after clearing Dungeon:15 true
     0 | D:1      | 0 ||| qw: Do second Lair branch before Depths: true
     0 | D:1      | 0 ||| qw: Lair rune preference: random
     0 | D:1      | 0 ||| qw: Goals: Normal
     0 | D:1      | 0 ||| PLANNING D:1-11
    92 | D:1      | Reached XP level 2. HP: 16/16 MP: 3/3
   327 | D:1      | Reached skill level 3 in Ranged Weapons
   335 | D:1      | 335 ||| FLEEEEING.
   336 | D:1      | 336 ||| FLEEEEING.
   337 | D:1      | 337 ||| FLEEEEING.
   340 | D:1      | 340 ||| FLEEEEING.
   341 | D:1      | 341 ||| FLEEEEING.
   342 | D:1      | 342 ||| FLEEEEING.
   345 | D:1      | 345 ||| FLEEEEING.
   346 | D:1      | 346 ||| FLEEEEING.
   347 | D:1      | 347 ||| FLEEEEING.
   568 | D:1      | Reached XP level 3. HP: 15/21 MP: 4/4
   677 | D:1      | 677 ||| UPGRADING to +0 leather armour.
   687 | D:1      | 687 ||| DROPPING +0 robe.
   688 | D:1      | 688 ||| UPGRADING to +6 ring of dexterity.
   689 | D:1      | 689 ||| READING scroll labelled EBROMONWYC.
   692 | D:1      | 692 ||| READING scroll labelled LYROITW QUNT.
   693 | D:1      | 693 ||| READING scroll labelled CAMAOF QACRO.
   694 | D:1      | 694 ||| DRINKING 2 sapphire potions.
   695 | D:1      | 695 ||| DROPPING scroll of poison.
   696 | D:1      | 696 ||| DROPPING potion of brilliance.
  1175 | D:2      | 1175 ||| UPGRADING to +0 ring mail.
  1185 | D:2      | 1185 ||| DROPPING +0 leather armour.
  1186 | D:2      | 1186 ||| UPGRADING to +4 ring of protection.
  1187 | D:2      | 1187 ||| READING scroll labelled BUCLEO BYECU.
  1188 | D:2      | 1188 ||| READING 2 scrolls labelled DOPOEHI VOLIA.
  1189 | D:2      | 1189 ||| DRINKING 2 coppery potions.
  1190 | D:2      | 1190 ||| DROPPING potion of attraction.
  1191 | D:2      | 1191 ||| DROPPING scroll of revelation.
  1234 | D:3      | Reached XP level 4. HP: 24/26 MP: 5/5
  1250 | D:3      | Reached skill level 4 in Ranged Weapons
  1333 | D:3      | Reached skill level 1 in Armour
  1482 | D:3      | Reached XP level 5. HP: 24/30 MP: 6/6
  1564 | D:3      | Found Xaekisko's Book Shop.
  1646 | D:3      | Found a radiant altar of Vehumet.
  1651 | D:3      | Noticed Jessica
  1651 | D:3      | Noticed Sigmund
  1653 | D:3      | 1653 ||| FLEEEEING.
  1654 | D:3      | 1654 ||| FLEEEEING.
  1665 | D:3      | Killed Jessica
  1665 | D:3      | HP: 6/30 [something/puff of flame (6)]
  1666 | D:3      | Reached skill level 5 in Ranged Weapons
  1667 | D:3      | HP: 1/30 [something/puff of flame (6)]
  1668 | D:3      | Slain by Sigmund

Levels and vault maps discovered:
D:1:      roderic_dead_forest, layout_basic, chequers_serial_rivers_micro_d,
          minmay_lizard_king
D:2:      layout_basic
D:3:      layout_basic, vehumet_altar_wand_db, serial_shops,
          nicolae_shop_temple_entry_statues_fountains, uniq_sigmund,
          uniq_jessica

Skill      XL: |  1  2  3  4  5 |
---------------+----------------+-----
Ranged Weapons | 3 4 5 |  5.1
Fighting       | 2 |  2.0
Armour         | 1 |  1.0
Dodging        | |  1.5
Spellcasting   | |  1.0
Hexes          | |  2.6

Action                     |  1- 3 |  4- 6 || total
---------------------------+-------+-------++-------
   Fire: Sling             |   120 |    94 ||   214
    Use: Scroll            |     5 |       ||     5
         Potion            |     2 |       ||     2
 Armour: Robe              |    21 |       ||    21
         Ring mail         |    14 |    69 ||    83
  Dodge: Dodged            |    34 |    98 ||   132

Table legend:
 A = Non-vault XP
 B = Vault XP
 C = Vault XP percentage of total XP
 D = Non-vault monster count
 E = Vault monster count
 F = Vault count percentage of total count
                 A         B        C        D         E       F
            +---------+---------+-------+---------+---------+-------
      Total |     198 |      45 |  18.5 |      53 |       8 |  13.1
            +---------+---------+-------+---------+---------+-------
        D:1 |      32 |       6 |  15.8 |      19 |       6 |  24.0
        D:2 |      11 |       0 |   0.0 |       7 |       0 |   0.0
        D:3 |     155 |      39 |  20.1 |      27 |       2 |   6.9
            +---------+---------+-------+---------+---------+-------
